 Dungeon Crawl Stone Soup version 0.30-a0-1161-g0704695555 (webtiles) character file.

Game seed: 123462768004225877

96 themarg the Caller (level 4, -4/30 HPs)
             Began as a Merfolk Summoner on Apr 28, 2023.
             Killed by nerve-wracking pain
             ... invoked by Grinder
              (12 damage)
             ... while paralysed by Grinder
             ... on level 4 of the Dungeon.
             The game lasted 00:07:42 (3201 turns).

themarg the Caller (Merfolk Summoner)               Turns: 3201, Time: 00:07:42

Health: -4/30      AC:  3    Str:  8    XL:     4   Next: 67%
Magic:  3/7        EV:  2    Int: 16    God:
Gold:   182        SH:  0    Dex: 14    Spells: 1/7 levels left

rFire   . . .        k - +1 short sword (elec)
rCold   . . .        (no shield)
rNeg    . . .        a - +0 robe
rPois   .            (no helmet)
rElec   .            (no cloak)
rCorr   .            i - +0 pair of gloves
SInv    .            (no boots)
Will    .....        (no amulet)
Stlth   ++           (no ring)
HPRegen 0.25/turn    (no ring)
MPRegen 0.10/turn

%: no passive effects
@: paralysed
A: (nimble swimmer 2), mertail
a: no special abilities


You were on level 4 of the Dungeon.
You visited 1 branch of the dungeon, and saw 4 of its levels.

You collected 182 gold pieces.

Inventory:

Hand Weapons
 k - a +1 short sword of electrocution (weapon)
Missiles
 e - 23 stones
Armour
 a - a +0 robe (worn)
 i - a +0 pair of gloves (worn)
Wands
 f - a wand of light (10)
Scrolls
 c - a scroll of brand weapon {unknown}
 h - a scroll of fear
 m - 2 scrolls of amnesia {unknown}
 n - a scroll of enchant weapon {unknown}
 o - a scroll of blinking {unknown}
 p - a scroll of poison {unknown}
 q - a scroll of vulnerability {unknown}
 r - a scroll of teleportation {unknown}
Potions
 b - a potion of magic
 d - a potion of flight
 g - 4 potions of invisibility
 j - a potion of mutation
 l - a potion of cancellation


   Skills:
 - Level 2.6 Dodging
 - Level 2.1 Stealth
 - Level 2.0 Spellcasting
 + Level 5.9 Summonings


You had one spell level left.
You knew the following spells:

 Your Spells              Type           Power      Damage    Failure   Level
a - Summon Small Mammal   Summ           80%        N/A       1%          1
b - Call Imp              Summ           40%        N/A       2%          2
c - Call Canine Familiar  Summ           20%        N/A       5%          3

Your spell library contained the following spells:

 Spells                   Type           Power      Damage    Failure   Level
 Summon Guardian Golem    Hex/Summ       11%        N/A       19%         3
 Summon Lightning Spire   Summ/Air       11%        N/A       52%         4


Dungeon Overview and Level Annotations

Branches:
Dungeon (4/15)             Temple (0/1) D:4

Altars:
Nemelex Xobeh
Vehumet

Annotations:
D:4 Grinder


Innate Abilities, Weirdness & Mutations

((You are very nimble when in or above water. (Stealth+, EV+, Speed+++)))
Your lower body shifts to a powerful aquatic tail in water.


Message History

Grinder shouts!
Your cerulean imp hits the hobgoblin with a -2 spear.
The orc hits something with a +0 mace.
The hobgoblin barely misses your cerulean imp.
Your rat bites the hobgoblin but does no damage.
Your hound bites the hobgoblin.
The hobgoblin dies!
Grinder hits your cerulean imp.
Your hound barely misses the orc.
Your rat barely misses the orc.
You swap places.
Your cerulean imp hits the orc but does no damage.
Your hound bites the orc.
Grinder misses you. The orc barely misses you.
Your rat bites the orc.
Things that are here:
a clear potion; a hobgoblin corpse You hit the orc but do no damage.
Lightning courses through the orc!
You kill the orc!
Your hound disappears in a puff of smoke!
Your cerulean imp hits Grinder from afar with a -2 spear.
Grinder hits you.
You writhe in agony.
You barely miss Grinder.
Grinder is lightly wounded.
Your cerulean imp closely misses Grinder.
Grinder barely misses you.
Your rat bites Grinder.
Aiming: Bolt of Light
Press: ? - help, Shift-Dir - straight line, f - Grinder
Aim: Grinder (lightly wounded, ally target, 68% to hit)
The bolt of light misses Grinder.
Your cerulean imp hits Grinder but does no damage.
Grinder gestures at you.
You suddenly lose the ability to move!
Your rat misses Grinder.
Your cerulean imp hits Grinder but does no damage.
Your rat closely misses Grinder.
Grinder hits you!
You writhe in agony.
* * * LOW HITPOINT WARNING * * *
Your cerulean imp hits Grinder from afar with a -2 spear.
Grinder hits you but does no damage.
Your rat bites Grinder.
Your cerulean imp closely misses Grinder.
Grinder gestures at you. Pain shoots through your body!
You die...

########## ***** *,, .......$.#
******,,,* *** #.....##.########
*,,,#*,,,* * ................#
*,,.#*,,,* * ....#########)..#
*,..#*,,,*
..†.#,*,*,*,#...####....*,,,*****
....#+*+*+*+#).)#.......*,,,,,,,,
...>#,+,,,+,#..)#5......*,,,,,,,,
....#**,,,**#..5@r......,,,,,,,,,
##.##,+,,,+,#........###***,,,,,,
...#***+*+**#....)...#*****,,,,,,
##.##,+∩*,,,+...........,,,,,****
....#*******###.........,,,,,*
...#.#*,* #.........,,,,,*
####.#*,* #.........,,,,,* *
,,,,,#*,******#......###*********
,*****,,,,,,,**,,,,,,* ****,*,


You could see Grinder (ally target), a friendly cerulean imp (summoned) and a
friendly rat (summoned).

Vanquished Creatures
  2 orcs (D:4)
  2 endoplasms
  A giant cockroach (D:3)
  A goblin (D:3)
  3 hobgoblins
  2 quokkas
  A bat (D:3)
  A kobold (D:2)
13 creatures vanquished.

Vanquished Creatures (collateral kills)
  5 adders
  A dart slug (D:3)
  3 orcs (D:4)
  2 ball pythons
  A giant cockroach (D:2)
  2 goblins
  2 hobgoblins
  2 quokkas (D:2)
  A bat (D:2)
  4 frilled lizards
  5 kobolds
  A rat (D:2)
29 creatures vanquished.

Grand Total: 42 creatures vanquished

Notes
Turn   | Place    | Note
-------+----------+-------------------------------------------
     0 | D:1      | themarg the Merfolk Summoner began the quest for the Orb.
     0 | D:1      | Reached XP level 1. HP: 13/13 MP: 3/3
   797 | D:2      | Reached XP level 2. HP: 9/19 MP: 1/5
   800 | D:2      | Learned a level 2 spell: Call Imp
  1233 | D:2      | Reached XP level 3. HP: 24/24 MP: 1/6
  1237 | D:2      | Learned a level 3 spell: Call Canine Familiar
  1503 | D:2      | Reached skill level 5 in Summonings
  2289 | D:3      | Found a radiant altar of Vehumet.
  2325 | D:3      | Found a sparkling altar of Nemelex Xobeh.
  2488 | D:3      | Reached XP level 4. HP: 30/30 MP: 2/7
  3188 | D:4      | Noticed Grinder
  3198 | D:4      | Paralysed by Grinder for 5 turns
  3201 | D:4      | Killed from afar by Grinder

Illustrated notes

Levels and vault maps discovered:
D:1:      dpeg_arrival_oval, layout_loops_ring, chequers_mini_garden
D:2:      layout_loops_ring, nicolae_hexahallways, grunt_ministairs_14
D:3:      layout_basic, mainiacjoe_overflow_catch_the_wave
D:4:      nicolae_BIG_FREAKIN_CUBE, layout_basic,
          minmay_temple_entry_nine_rooms, nicolae_ossuary_entry_catacombs,
          uniq_grinder, uniq_menkaure

Skill      XL: |  1  2  3 |
---------------+----------+-----
Summonings     | 5 |  5.9
Dodging        | |  2.6
Stealth        | |  2.1
Spellcasting   | |  2.0

Action                     |  1- 3 |  4- 6 || total
---------------------------+-------+-------++-------
  Melee: Whip              |    16 |       ||    16
         Unarmed           |     5 |       ||     5
         Dagger            |     6 |       ||     6
         Short sword       |    14 |    11 ||    25
   Cast: Summon Small Mamm |    44 |     2 ||    46
         Call Imp          |     4 |     1 ||     5
         Call Canine Famil |     6 |     4 ||    10
  Evoke: Wand              |       |     1 ||     1
    Use: Scroll            |       |     7 ||     7
 Armour: Robe              |     6 |     2 ||     8
  Dodge: Dodged            |    29 |     8 ||    37

Table legend: (Time is in decaauts)
 A = Elapsed time spent in this place.
 B = Non-inter-level travel time spent in this place.
 C = Inter-level travel time spent in this place.
 D = Time resting spent in this place.
 E = Time spent auto-exploring this place.
 F = Levels seen in this place.
 G = Mean time per level.
                   A        B        C        D        E       F      G
               +--------+--------+--------+--------+--------+-----+--------+
         Total |   3200 |   3111 |     89 |     25 |   2564 |   4 |  800.0 |
       Dungeon |   3200 |   3111 |     89 |     25 |   2564 |   4 |  800.0 |
               +--------+--------+--------+--------+--------+-----+--------+

Top non-repeatable levels by time:
     D:2: 1224 daAuts
     D:3: 1139 daAuts
     D:1: 743 daAuts
     D:4: 92 daAuts
